 Dungeon Crawl Stone Soup version 0.31-a0-1178-gc5c9b8f871 (webtiles) character file.

Game seed: 13829486796622806967

88 qw the Shooter (level 4, -3/28 HPs)
             Began as a Gargoyle Hunter on Dec 10, 2023.
             Killed by divine providence
             ... invoked by an orc priest
              (8 damage)
             ... on level 4 of the Dungeon on Dec 11, 2023.
             The game lasted 00:02:35 (1887 turns).

qw the Shooter (Gargoyle Hunter)                    Turns: 1887, Time: 00:02:35

Health: -3/28      AC:  8    Str: 14    XL:     4   Next: 53%
Magic:  4/4        EV: 10    Int: 10    God:
Gold:   147        SH:  0    Dex: 15    Spells: 3/3 levels left

rFire   . . .        a - +1 shortbow
rCold   . . .        (shield currently unavailable)
rNeg    + . .        e - +0 ring mail
rPois   inf          (no helmet)
rElec   +            (no cloak)
rCorr   .            (no gloves)
SInv    .            (no boots)
Will    .....        (no amulet)
Stlth   +            (no ring)
HPRegen 0.24/turn    (no ring)
MPRegen 0.09/turn

%: no passive effects
@: no status effects
A: sickness immunity, AC +3, negative energy resistance 1, electricity
resistance, torment resistance 1, petrification resistance
a: no special abilities


You were on level 4 of the Dungeon.
You visited 1 branch of the dungeon, and saw 4 of its levels.

You collected 147 gold pieces.


Innate Abilities, Weirdness & Mutations

You are immune to sickness and miasma.
Your stone body is resilient. (AC +3)
You are immune to poison.
You resist negative energy. (rN+)
You are resistant to electric shocks. (rElec)
You are resistant to unholy torment.
You are immune to petrification.


   Skills:
 - Level 3.0 Fighting
 + Level 5.3 Ranged Weapons
 - Level 1.0 Armour
 - Level 1.5 Dodging
 - Level 1.1 Stealth


You had 3 spell levels left.
You didn't know any spells.
Your spell library was empty.

Inventory:

Hand Weapons
 a - a +1 shortbow (weapon)
Armour
 e - a +0 ring mail (worn)
Wands
 i - a wand of mindburst (11)
Scrolls
 b - 2 scrolls of identify
 c - a scroll of revelation {unknown}
 h - a scroll of enchant armour
 j - 2 scrolls of teleportation
 k - 2 scrolls of noise {unknown}
Potions
 d - 3 potions of heal wounds
 f - 2 potions of curing
 g - 2 potions of might

Dungeon Overview and Level Annotations

Branches:
Dungeon (4/15)
 Temple: D:4-7

Altars:

Shops:
D:2 (   D:3 =[

Annotations:
D:4 Robin


Message History

You kill the goblin!
The goblin hits you with a +0 club.
The orc priest looks satisfied for a moment.
You shoot an arrow. The arrow hits the goblin.
You kill the goblin!
You hear an angry hiss.
Enter note:
Enter note:
1881 ||| Stepping ~*~*~tactically~*~*~ (retreating).
An orc comes into view. It is wielding a +0 hand axe.
You shoot an arrow.
The arrow hits the orc priest but does no damage.
The orc priest calls down the wrath of Beogh upon you.
Beogh smites you! Robin throws the goblin at you!
You hear a shout!
Enter note:
Enter note:
Enter note:
Enter note:
1883 ||| Stepping ~*~*~tactically~*~*~ (retreating).
You hear a shout!
The goblin hits you but does no damage. Robin throws the goblin at you!
Enter note:
Enter note:
1884 ||| Stepping ~*~*~tactically~*~*~ (retreating).
The orc priest casts a cantrip, but nothing happens.
The goblin hits you with a +0 club.
Enter note:
Enter note:
1885 ||| Stepping ~*~*~tactically~*~*~ (retreating).
Enter note:
Enter note:
1886 ||| Stepping ~*~*~tactically~*~*~ (retreating).
The goblin attacks as it pursues you! The goblin misses you.
You shoot an arrow.
The arrow hits the orc but does no damage.
The orc hits you with a +0 short sword. The goblin misses you.
The orc priest mumbles some strange prayers to Beogh against you.
Beogh smites you!
You die...

##.###..# #...#
##......# #...# ##
.#####.#######...#####
.. ..##
#.###.........g)#.#
...#
#..............)..#
..##
#..##......o...)#.# .##
#..######..g##### ..
######..# #.go# ..S
#.......# #..@### g..
...####.# #.......# ..
#..####.## #.##.##.# .
#........# #.##.##.#
.........###.##..#.#
#..####.......##.#.#
...##......#..##.#.####
.........#.#...%......#
##.#####.#........###.#


You could see an orc priest, an orc and 2 goblins.

Vanquished Creatures
  An adder (D:2)
  A dart slug (D:1)
  4 orcs (D:2)
  8 bats
  8 endoplasms
  2 giant cockroaches
  10 goblins
  4 hobgoblins
  9 jackals
  2 kobolds
  5 ball pythons
  3 frilled lizards
  5 rats
62 creatures vanquished.

Notes
Turn   | Place    | Note
-------+----------+-------------------------------------------
     0 | D:1      | qw the Gargoyle Hunter began the quest for the Orb.
     0 | D:1      | Reached XP level 1. HP: 12/12 MP: 1/1
     0 | D:1      | 0 ||| qw: Version: 0.3-a-106-gc739b70
     0 | D:1      | 0 ||| qw: Game counter: 1950
     0 | D:1      | 0 ||| qw: Melee chars always use a shield: true
     0 | D:1      | 0 ||| qw: God list: Okawaru
     0 | D:1      | 0 ||| qw: Allow faded altars: false
     0 | D:1      | 0 ||| qw: Do Orc after clearing Dungeon:15 true
     0 | D:1      | 0 ||| qw: Do second Lair branch before Depths: true
     0 | D:1      | 0 ||| qw: Lair rune preference: random
     0 | D:1      | 0 ||| qw: Goals: Normal, Save, Zot:1-4, Win
     0 | D:1      | 0 ||| PLANNING D:1-11
   175 | D:1      | Reached XP level 2. HP: 17/17 MP: 2/2
   375 | D:1      | 375 ||| READING scroll labelled CIXTOA OBBISE.
   378 | D:1      | 378 ||| READING 2 scrolls labelled JUORCHY GYESI.
   379 | D:1      | 379 ||| DRINKING 2 fuming cyan potions.
   380 | D:1      | 380 ||| DROPPING scroll of butterflies.
   381 | D:1      | 381 ||| DROPPING scroll of blinking.
   397 | D:2      | 397 ||| STAIRDANCE
   399 | D:2      | 399 ||| STAIRDANCE
   506 | D:2      | Reached XP level 3. HP: 21/21 MP: 3/3
   565 | D:2      | Reached skill level 5 in Ranged Weapons
   579 | D:2      | 579 ||| FLEEEEING.
   580 | D:2      | 580 ||| FLEEEEING.
   581 | D:2      | 581 ||| FLEEEEING.
   588 | D:2      | 588 ||| STAIRDANCE
   613 | D:1      | 613 ||| DROPPING ring of magical power.
   614 | D:1      | 614 ||| READING 2 scrolls labelled IFITWYSIANG.
   614 | D:1      | 614 ||| IDENTIFYING bubbling purple potion
   615 | D:1      | 615 ||| READING scroll of identify.
   615 | D:1      | 615 ||| IDENTIFYING puce potion
   616 | D:1      | 616 ||| READING scroll labelled PUVOC FAECS.
   616 | D:1      | 616 ||| ENCHANTING +0 shortbow.
   617 | D:1      | 617 ||| READING scroll labelled HADDIGO FEXTO.
   617 | D:1      | 617 ||| PLANNING D:1-11
   617 | D:1      | 617 ||| DRINKING 2 purple potions.
   618 | D:1      | 618 ||| DROPPING potion of lignification.
   619 | D:1      | 619 ||| DROPPING potion of magic.
   721 | D:2      | Found a faded altar of an unknown god.
   726 | D:2      | Upgraded the game from 0.31-a0-1172-g9944ec47dd to
                  | 0.31-a0-1178-gc5c9b8f871
   726 | D:2      | 726 ||| PLANNING D:1-11
   746 | D:2      | Found Ejeogaedd's Weapon Shop.
   799 | D:2      | Reached skill level 3 in Fighting
   947 | D:2      | Reached XP level 4. HP: 28/28 MP: 4/4
  1083 | D:2      | 1083 ||| UPGRADING to +0 ring mail.
  1093 | D:2      | 1093 ||| DROPPING +0 leather armour.
  1094 | D:2      | 1094 ||| DROPPING ring of flight.
  1095 | D:2      | 1095 ||| READING 2 scrolls of identify.
  1095 | D:2      | 1095 ||| IDENTIFYING ruby potion
  1096 | D:2      | 1096 ||| READING scroll of identify.
  1096 | D:2      | 1096 ||| IDENTIFYING scroll labelled QEUJY XESHUTIH
  1097 | D:2      | 1097 ||| DROPPING scroll of fear.
  1233 | D:3      | Found Fuschitt's Jewellery Shoppe.
  1240 | D:3      | 1240 ||| SHOPLISTING +5 ring of evasion (468 gold, have
                  | 89).
  1240 | D:3      | 1240 ||| SHOPLISTING amulet of reflection (390 gold, have
                  | 89).
  1240 | D:3      | 1240 ||| SHOPLISTING ring of Ybunkas {AC+4 SInv} (613 gold,
                  | have 89).
  1240 | D:3      | 1240 ||| SHOPLISTING ring of protection from cold (325
                  | gold, have 89).
  1240 | D:3      | 1240 ||| SHOPLISTING ring of resist corrosion (260 gold,
                  | have 89).
  1242 | D:3      | Found Urogircha's Antique Armour Shop.
  1255 | D:3      | 1255 ||| SHOPLISTING glowing leather armour (115 gold, have
                  | 89).
  1255 | D:3      | 1255 ||| SHOPLISTING glowing ring mail (161 gold, have 89).
  1255 | D:3      | 1255 ||| SHOPLISTING helmet (103 gold, have 89).
  1255 | D:3      | 1255 ||| SHOPLISTING pair of gloves (103 gold, have 89).
  1255 | D:3      | 1255 ||| SHOPLISTING pair of runed gloves (172 gold, have
                  | 89).
  1473 | D:3      | 1473 ||| READING scroll labelled FOASIU PIABORO.
  1498 | D:4      | Reached skill level 1 in Armour
  1874 | D:4      | Noticed Robin
  1878 | D:4      | 1878 ||| Stepping ~*~*~tactically~*~*~ (retreating).
  1881 | D:4      | 1881 ||| Stepping ~*~*~tactically~*~*~ (retreating).
  1883 | D:4      | 1883 ||| Stepping ~*~*~tactically~*~*~ (retreating).
  1884 | D:4      | 1884 ||| Stepping ~*~*~tactically~*~*~ (retreating).
  1885 | D:4      | 1885 ||| Stepping ~*~*~tactically~*~*~ (retreating).
  1886 | D:4      | 1886 ||| Stepping ~*~*~tactically~*~*~ (retreating).
  1887 | D:4      | HP: 5/28 [orc/+0 short sword (5)]
  1887 | D:4      | Killed from afar by an orc priest

Levels and vault maps discovered:
D:1:      ldierk_walled_garden_2, layout_rooms
D:2:      layout_loops_cross, serial_shops, shop,
          hellmonk_ecumenical_altar_defaced_shrine
D:3:      layout_rooms, serial_shops, shop, nicolae_shop_overgrown_old_shop
D:4:      layout_loops_cross, uniq_robin

Skill      XL: |  1  2  3  4 |
---------------+-------------+-----
Ranged Weapons | 5 |  5.3
Fighting       | 3 |  3.0
Armour         | 1 |  1.0
Dodging        | |  1.5
Stealth        | |  1.1

Action                     |  1- 3 |  4- 6 || total
---------------------------+-------+-------++-------
   Fire: Shortbow          |    95 |    54 ||   149
    Use: Scroll            |     6 |     3 ||     9
         Potion            |     2 |       ||     2
 Armour: Leather armour    |    35 |       ||    35
         Ring mail         |       |    13 ||    13
  Dodge: Dodged            |    32 |    14 ||    46

Table legend:
 A = Non-vault XP
 B = Vault XP
 C = Vault XP percentage of total XP
 D = Non-vault monster count
 E = Vault monster count
 F = Vault count percentage of total count
                 A         B        C        D         E       F
            +---------+---------+-------+---------+---------+-------
      Total |     109 |      17 |  13.5 |      55 |       7 |  11.3
            +---------+---------+-------+---------+---------+-------
        D:1 |      22 |       0 |   0.0 |      12 |       0 |   0.0
        D:2 |      49 |      12 |  19.7 |      22 |       4 |  15.4
        D:3 |      11 |       0 |   0.0 |       7 |       0 |   0.0
        D:4 |      27 |       5 |  15.6 |      14 |       3 |  17.6
            +---------+---------+-------+---------+---------+-------
